Workbook

Sheet List_Frame_1
A1: Check Number | D1: Check Date | E1: Vendor Name | G1: Transaction Amount | U1: Description | V1: Account Name | W1: Department | X1: Division | Y1: Project Number
A2: 471976 | D2: 43165 | E2: BOB TOMES FORD | G2: 837.87 | U2: BLANKET PURCHASE ORDER | V2: AUTO MAINTENANCE | W2: EQUIPMENT SERVICES | X2: EQUIP SERV-SHARED
A8: 472340 | D8: 43172 | G8: 348.69 | U8: BLANKET PURCHASE ORDER | V8: AUTO MAINTENANCE | W8: EQUIPMENT SERVICES | X8: EQUIP SERV-SHARED
G13: -71.76 | U13: INV74431 | V13: AUTO MAINTENANCE | W13: EQUIPMENT SERVICES | X13: EQUIP SERV-SHARED
G14: -71.76 | U14: INV76792 | V14: AUTO MAINTENANCE | W14: EQUIPMENT SERVICES | X14: EQUIP SERV-SHARED
A15: 472724 | D15: 43179 | G15: 951.37 | U15: BLANKET PURCHASE ORDER | V15: AUTO MAINTENANCE | W15: EQUIPMENT SERVICES | X15: EQUIP SERV-SHARED
A19: 473054 | D19: 43186 | G19: 605.32 | U19: AUTO/TRUCK MAINT. ITEMS | V19: PARTS
G20: 3172.22 | U20: BLANKET PURCHASE ORDER | V20: AUTO MAINTENANCE | W20: EQUIPMENT SERVICES | X20: EQUIP SERV-SHARED
N34: =SUM(hList_Frame_1!B1:B31) -> 5771.95
A36: 472341 | D36: 43172 | E36: BOB BARKER COMPANY INC | G36: 522 | U36: CLOTHING AND APPAREL | V36: DETENTION SUPPLIES | W36: SHERIFF'S OFFICE | X36: JAIL OPS-ADMIN
G37: 954 | U37: TEXTILES/FIBERS/LINENS | V37: DETENTION SUPPLIES | W37: SHERIFF'S OFFICE | X37: JAIL OPS-ADMIN
A39: 473055 | D39: 43186 | G39: 400.58 | U39: PERSONAL HYGIENE&GROOMING | V39: DETENTION SUPPLIES | W39: JUVENILE PROBATION | X39: JUV DET -ADMIN
N41: =SUM(hList_Frame_1!B32:B34) -> 1876.58
A43: 473056 | D43: 43186 | E43: ECOLAB INC | G43: 3096 | U43: JANITORIAL SUPPLIES | V43: DETENTION SUPPLIES | W43: SHERIFF'S OFFICE | X43: JAIL OPS-ADMIN
N46: =SUM(hList_Frame_1!B35:B36) -> 3096
A48: 472948 | D48: 43186 | E48: GIBBS, GREGG M PC | G48: 980.21 | U48: 296-30030-16 | V48: COURT APPOINTED ATTORNEY | W48: COURT APPT REPRESENTATION | X48: COURT APPT REPRESENTATION | Y48: ID296A
V49: MISCELLANEOUS | W49: COURT APPT REPRESENTATION | X49: COURT APPT REPRESENTATION | Y49: ID296A
P51: =SUM(hList_Frame_1!B37:B38) -> 980.21
A53: 472665 | D53: 43179 | E53: HEIDENHEIMER, MARK | G53: 100 | U53: 003-85198-17 | V53: COURT APPOINTED ATTORNEY | W53: COURT APPT REPRESENTATION | X53: COURT APPT REPRESENTATION | Y53: IDCL2M
G54: 450 | U54: 003-85199-17 | V54: COURT APPOINTED ATTORNEY | W54: COURT APPT REPRESENTATION | X54: COURT APPT REPRESENTATION | Y54: IDCL2M
G55: 1250 | U55: 005-87659-17 | V55: COURT APPOINTED ATTORNEY | W55: COURT APPT REPRESENTATION | X55: COURT APPT REPRESENTATION | Y55: IDCL5M
G56: 800 | U56: 366-83925-17 | V56: COURT APPOINTED ATTORNEY | W56: COURT APPT REPRESENTATION | X56: COURT APPT REPRESENTATION | Y56: ID401N
A57: 472949 | D57: 43186 | G57: 498.68 | U57: 401-80180-18 | V57: COURT APPOINTED ATTORNEY | W57: COURT APPT REPRESENTATION | X57: COURT APPT REPRESENTATION | Y57: ID401F
G58: 498.66 | U58: 401-82005-17 | V58: COURT APPOINTED ATTORNEY | W58: COURT APPT REPRESENTATION | X58: COURT APPT REPRESENTATION | Y58: ID401F
G59: 498.66 | U59: 401-82845-17 | V59: COURT APPOINTED ATTORNEY | W59: COURT APPT REPRESENTATION | X59: COURT APPT REPRESENTATION | Y59: ID401F
N61: =SUM(hList_Frame_1!B39:B45) -> 4096
A63: 471977 | D63: 43165 | E63: POLLOCK PAPER DISTRIBUTORS | G63: 2297 | U63: HOSPITAL SUNDRIES | V63: JANITORIAL SUPPLIES | W63: SHERIFF'S OFFICE | X63: JAIL OPS-ADMIN
G64: 1423.84 | U64: JANITORIAL SUPPLIES-GEN. | V64: DETENTION SUPPLIES | W64: SHERIFF'S OFFICE | X64: JAIL OPS-ADMIN
V65: JANITORIAL SUPPLIES | W65: SHERIFF'S OFFICE | X65: JAIL OPS-ADMIN
G66: 6.36 | U66: SPRAYING EQUIPMENT | V66: JANITORIAL SUPPLIES | W66: SHERIFF'S OFFICE | X66: JAIL OPS-ADMIN
A67: 472725 | D67: 43179 | G67: 53.62 | U67: LAUNDRY TEXTILES/SUPPLIES | V67: JANITORIAL SUPPLIES | W67: SHERIFF'S OFFICE | X67: JAIL OPS-ADMIN
A68: 473057 | D68: 43186 | G68: 2297 | U68: HOSPITAL SUNDRIES | V68: DETENTION SUPPLIES | W68: SHERIFF'S OFFICE | X68: JAIL OPS-ADMIN
N70: =SUM(hList_Frame_1!B46:B51) -> 6077.82
A72: 472726 | D72: 43179 | E72: TEKNI KUT CORP | G72: 731.5 | U72: MANAGEMENT SERVICES | V72: BUILDING SUPPLIES | W72: FACILITIES & PARKS | X72: BUILD SUP-SHARED | Y72: B03002
P74: =SUM(hList_Frame_1!B52:B52) -> 731.5
A76: 471978 | D76: 43165 | E76: WEST PUBLISHING CORPORATION | G76: 24.65 | U76: BLANKET PURCHASE ORDER | V76: DUES & SUBSCRIPTIONS | W76: DISTRICT ATTORNEY | X76: DA-ADMIN
A77: 472342 | D77: 43172 | G77: 439 | V77: PATROL SUPPLIES | W77: CONSTABLES | X77: C3-ADMIN
G80: 13944.18 | U80: BLANKET PURCHASE ORDER | V80: COMMUNICATION LINE LEASE | W80: BUDGET | X80: LAW LIBRARY-ADMIN
V81: LIBRARY BOOKS | W81: DISTRICT ATTORNEY | X81: DA-ADMIN
V83: LIBRARY UPDATES | W83: BUDGET | X83: LAW LIBRARY-ADMIN
A84: 472727 | D84: 43179 | G84: 299.77 | U84: PUBLICATIONS/AUDIOVISUALS | V84: DUES & SUBSCRIPTIONS | W84: UNALLOCATED | X84: NON-DEPARTMENTAL
A85: 473058 | D85: 43186 | G85: 382 | U85: BLANKET PURCHASE ORDER | V85: DUES & SUBSCRIPTIONS | W85: DISTRICT ATTORNEY | X85: DA-ADMIN
K87: =SUM(hList_Frame_1!B53:B62) -> 15089.6
A89: 471979 | D89: 43165 | E89: PLANO POWER EQUIPMENT | G89: 475.55 | U89: BLANKET PURCHASE ORDER | V89: GROUNDS EQUIPMENT MAINT | W89: EQUIPMENT SERVICES | X89: EQUIP SERV-SHARED
A93: 472343 | D93: 43172 | G93: 8.7 | U93: BLANKET PURCHASE ORDER | V93: GROUNDS EQUIPMENT MAINT | W93: EQUIPMENT SERVICES | X93: EQUIP SERV-SHARED
A94: 473059 | D94: 43186 | G94: 221.45 | U94: BLANKET PURCHASE ORDER | V94: GROUNDS EQUIPMENT MAINT | W94: EQUIPMENT SERVICES | X94: EQUIP SERV-SHARED
P100: =SUM(hList_Frame_1!B63:B72) -> 705.7
A102: 473060 | D102: 43186 | E102: GEBO DISTRIBUTING CO | G102: 194.79 | U102: BLANKET PURCHASE ORDER | V102: ANIMAL CARE | W102: ANIMAL SHELTER | X102: ANIMAL SHELTER-ADMIN
V103: ROAD SUPPLIES | W103: PUBLIC WORKS | X103: R&B - ADMIN
P105: =SUM(hList_Frame_1!B73:B74) -> 194.79
A107: 471980 | D107: 43165 | E107: BEN E KEITH DFW | G107: 800.32 | U107: EDIBLE FOODS, STAPLE | V107: FOOD SUPPLIES | W107: JUVENILE PROBATION | X107: JUV DET -ADMIN
W108: SHERIFF'S OFFICE | X108: MINIMUM SECURITY
V109: MINIMUM SECURITY FOOD
G110: 544.97 | U110: FOODS, PERISHABLE | V110: MINIMUM SECURITY FOOD
G111: 99.78 | U111: FOODS, READY-TO-EAT | V111: MINIMUM SECURITY FOOD
A112: 472344 | D112: 43172 | G112: 4384.82 | U112: EDIBLE FOODS, STAPLE | V112: FOOD SUPPLIES | W112: JUVENILE PROBATION | X112: JUV DET -ADMIN
W113: SHERIFF'S OFFICE | X113: MINIMUM SECURITY
V114: JAIL FOOD
V116: MINIMUM SECURITY FOOD
G117: 2471.81 | U117: FOODS, PERISHABLE | V117: FOOD SUPPLIES | W117: JUVENILE PROBATION | X117: JUV DET -ADMIN
V118: JAIL FOOD
V120: MINIMUM SECURITY FOOD
G121: 1000.37 | U121: FOODS, READY-TO-EAT | V121: JAIL FOOD
V123: MINIMUM SECURITY FOOD
A124: 472728 | D124: 43179 | G124: 1043.51 | U124: EDIBLE FOODS, STAPLE | V124: FOOD SUPPLIES | W124: JUVENILE PROBATION | X124: JUV DET -ADMIN
W125: SHERIFF'S OFFICE | X125: MINIMUM SECURITY
V126: MINIMUM SECURITY FOOD
G127: 843.5 | U127: FOODS, PERISHABLE | V127: FOOD SUPPLIES | W127: JUVENILE PROBATION | X127: JUV DET -ADMIN
V128: MINIMUM SECURITY FOOD
G129: 99.78 | U129: FOODS, READY-TO-EAT | V129: MINIMUM SECURITY FOOD
A130: 473061 | D130: 43186 | G130: 3008.42 | U130: EDIBLE FOODS, STAPLE | V130: FOOD SUPPLIES | W130: JUVENILE PROBATION | X130: JUV DET -ADMIN
V131: JAIL FOOD
V133: MINIMUM SECURITY FOOD
G134: 3037.16 | U134: FOODS, PERISHABLE | V134: FOOD SUPPLIES | W134: JUVENILE PROBATION | X134: JUV DET -ADMIN
V135: JAIL FOOD
V137: MINIMUM SECURITY FOOD
G138: 1059.21 | U138: FOODS, READY-TO-EAT | V138: JAIL FOOD
V140: MINIMUM SECURITY FOOD
K142: =SUM(hList_Frame_1!B75:B108) -> 18393.65
A144: 473062 | D144: 43186 | E144: ROACH, JOHN R JR | G144: 126.44 | V144: TRAVEL REIMBURSEMENT | W144: DISTRICT COURTS | X144: GRANT - TVC VET'S COURT | Y144: GT192D
P146: =SUM(hList_Frame_1!B109:B109) -> 126.44
A148: 473063 | D148: 43186 | E148: ROMCO EQUIPMENT CO | G148: 162.74 | U148: FUEL/OIL/GREASE/LUBRICANT | V148: PARTS
P150: =SUM(hList_Frame_1!B110:B110) -> 162.74
A152: 471981 | D152: 43165 | E152: ALFORD INSURANCE AGENCY | G152: 17.42 | U152: BLANKET PURCHASE ORDER | V152: SPECIAL DELIVERY SERVICE | W152: BUDGET | X152: SUPPORT SERVICES - SHARED
G153: 142 | U153: FINANCIAL/ACCOUNTANCY SER | V153: NOTARY BONDS | W153: UNALLOCATED | X153: NON-DEPARTMENTAL
A155: 472729 | D155: 43179 | G155: 142 | U155: FINANCIAL/ACCOUNTANCY SER | V155: NOTARY BONDS | W155: UNALLOCATED | X155: NON-DEPARTMENTAL
P158: =SUM(hList_Frame_1!B111:B115) -> 301.42
A160: 472228 | D160: 43172 | E160: POSTMASTER MCKINNEY | G160: 225 | V160: POSTAGE | W160: BUDGET | X160: SUPPORT SERVICES - SHARED
P162: =SUM(hList_Frame_1!B116:B116) -> 225
A164: 471982 | D164: 43165 | E164: MAY, JEFFRY | G164: 49 | U164: reimbursement for bags | V164: EDUCATION & CONFERENCE | W164: COUNTY AUDITOR | X164: AUDITOR - ADMIN
S166: =SUM(hList_Frame_1!B117:B117) -> 49
A168: 472345 | D168: 43172 | E168: KEMP, STACEY | G168: 117 | U168: ft worth, tx | V168: TRAVEL ADVANCES
Q170: =SUM(hList_Frame_1!B118:B118) -> 117
A172: 472346 | D172: 43172 | E172: BILYEU, BILL | G172: 1635.6 | U172: b bilyeu-washington, dc | V172: EDUCATION & CONFERENCE | W172: ADMINISTRATIVE SERVICES | X172: ADMINISTRATIVE SERV-ADMIN
A173: 472730 | D173: 43179 | G173: 89 | U173: dallas, tx-custer storage | V173: BUSINESS MEALS | W173: ADMINISTRATIVE SERVICES | X173: ADMINISTRATIVE SERV-ADMIN
N175: =SUM(hList_Frame_1!B119:B120) -> 1724.6
A177: 471986 | D177: 43165 | E177: OFFICE DEPOT | G177: 42236.43 | U177: IR:PRINTER/PLOTTER/ACCESS | V177: CENTRAL SUPPLY
V180: COMPUTER SUPPLIES | W180: BUDGET | X180: SUPPORT SERVICES - SHARED
G181: -10.63 | U181: Inv#109695489001 | V181: OFFICE SUPPLIES | W181: EQUIPMENT SERVICES | X181: EQUIP SERV-ADMIN
G182: 2719.71 | U182: OFFICE SUPPLIES (GENERAL) | V182: ELECTION SUPPLIES | W182: ELECTIONS | X182: ELECTIONS-ADMIN
...

Sheet hList_Frame_1
A1: =IF(ISBLANK(List_Frame_1!A2),"",IF(ISTEXT(List_Frame_1!A2),0,List_Frame_1!A2)) -> 471976 | B1: =IF(ISBLANK(List_Frame_1!G2),"",IF(ISTEXT(List_Frame_1!G2),0,List_Frame_1!G2)) -> 837.87
A2: =IF(ISBLANK(List_Frame_1!A3),"",IF(ISTEXT(List_Frame_1!A3),0,List_Frame_1!A3)) | B2: =IF(ISBLANK(List_Frame_1!G3),"",IF(ISTEXT(List_Frame_1!G3),0,List_Frame_1!G3))
A3: =IF(ISBLANK(List_Frame_1!A4),"",IF(ISTEXT(List_Frame_1!A4),0,List_Frame_1!A4)) | B3: =IF(ISBLANK(List_Frame_1!G4),"",IF(ISTEXT(List_Frame_1!G4),0,List_Frame_1!G4))
A4: =IF(ISBLANK(List_Frame_1!A5),"",IF(ISTEXT(List_Frame_1!A5),0,List_Frame_1!A5)) | B4: =IF(ISBLANK(List_Frame_1!G5),"",IF(ISTEXT(List_Frame_1!G5),0,List_Frame_1!G5))
A5: =IF(ISBLANK(List_Frame_1!A6),"",IF(ISTEXT(List_Frame_1!A6),0,List_Frame_1!A6)) | B5: =IF(ISBLANK(List_Frame_1!G6),"",IF(ISTEXT(List_Frame_1!G6),0,List_Frame_1!G6))
A6: =IF(ISBLANK(List_Frame_1!A7),"",IF(ISTEXT(List_Frame_1!A7),0,List_Frame_1!A7)) | B6: =IF(ISBLANK(List_Frame_1!G7),"",IF(ISTEXT(List_Frame_1!G7),0,List_Frame_1!G7))
A7: =IF(ISBLANK(List_Frame_1!A8),"",IF(ISTEXT(List_Frame_1!A8),0,List_Frame_1!A8)) -> 472340 | B7: =IF(ISBLANK(List_Frame_1!G8),"",IF(ISTEXT(List_Frame_1!G8),0,List_Frame_1!G8)) -> 348.69
A8: =IF(ISBLANK(List_Frame_1!A9),"",IF(ISTEXT(List_Frame_1!A9),0,List_Frame_1!A9)) | B8: =IF(ISBLANK(List_Frame_1!G9),"",IF(ISTEXT(List_Frame_1!G9),0,List_Frame_1!G9))
A9: =IF(ISBLANK(List_Frame_1!A10),"",IF(ISTEXT(List_Frame_1!A10),0,List_Frame_1!A10)) | B9: =IF(ISBLANK(List_Frame_1!G10),"",IF(ISTEXT(List_Frame_1!G10),0,List_Frame_1!G10))
A10: =IF(ISBLANK(List_Frame_1!A11),"",IF(ISTEXT(List_Frame_1!A11),0,List_Frame_1!A11)) | B10: =IF(ISBLANK(List_Frame_1!G11),"",IF(ISTEXT(List_Frame_1!G11),0,List_Frame_1!G11))
A11: =IF(ISBLANK(List_Frame_1!A12),"",IF(ISTEXT(List_Frame_1!A12),0,List_Frame_1!A12)) | B11: =IF(ISBLANK(List_Frame_1!G12),"",IF(ISTEXT(List_Frame_1!G12),0,List_Frame_1!G12))
A12: =IF(ISBLANK(List_Frame_1!A13),"",IF(ISTEXT(List_Frame_1!A13),0,List_Frame_1!A13)) | B12: =IF(ISBLANK(List_Frame_1!G13),"",IF(ISTEXT(List_Frame_1!G13),0,List_Frame_1!G13)) -> -71.76
... A31: =IF(ISBLANK(List_Frame_1!A32),"",IF(ISTEXT(List_Frame_1!A32),0,List_Frame_1!A32)) | B31: =IF(ISBLANK(List_Frame_1!G32),"",IF(ISTEXT(List_Frame_1!G32),0,List_Frame_1!G32))
A32: =IF(ISBLANK(List_Frame_1!A36),"",IF(ISTEXT(List_Frame_1!A36),0,List_Frame_1!A36)) -> 472341 | B32: =IF(ISBLANK(List_Frame_1!G36),"",IF(ISTEXT(List_Frame_1!G36),0,List_Frame_1!G36)) -> 522
A33: =IF(ISBLANK(List_Frame_1!A37),"",IF(ISTEXT(List_Frame_1!A37),0,List_Frame_1!A37)) | B33: =IF(ISBLANK(List_Frame_1!G37),"",IF(ISTEXT(List_Frame_1!G37),0,List_Frame_1!G37)) -> 954
A34: =IF(ISBLANK(List_Frame_1!A39),"",IF(ISTEXT(List_Frame_1!A39),0,List_Frame_1!A39)) -> 473055 | B34: =IF(ISBLANK(List_Frame_1!G39),"",IF(ISTEXT(List_Frame_1!G39),0,List_Frame_1!G39)) -> 400.58
A35: =IF(ISBLANK(List_Frame_1!A43),"",IF(ISTEXT(List_Frame_1!A43),0,List_Frame_1!A43)) -> 473056 | B35: =IF(ISBLANK(List_Frame_1!G43),"",IF(ISTEXT(List_Frame_1!G43),0,List_Frame_1!G43)) -> 3096
A36: =IF(ISBLANK(List_Frame_1!A44),"",IF(ISTEXT(List_Frame_1!A44),0,List_Frame_1!A44)) | B36: =IF(ISBLANK(List_Frame_1!G44),"",IF(ISTEXT(List_Frame_1!G44),0,List_Frame_1!G44))
A37: =IF(ISBLANK(List_Frame_1!A48),"",IF(ISTEXT(List_Frame_1!A48),0,List_Frame_1!A48)) -> 472948 | B37: =IF(ISBLANK(List_Frame_1!G48),"",IF(ISTEXT(List_Frame_1!G48),0,List_Frame_1!G48)) -> 980.21
A38: =IF(ISBLANK(List_Frame_1!A49),"",IF(ISTEXT(List_Frame_1!A49),0,List_Frame_1!A49)) | B38: =IF(ISBLANK(List_Frame_1!G49),"",IF(ISTEXT(List_Frame_1!G49),0,List_Frame_1!G49))
A39: =IF(ISBLANK(List_Frame_1!A53),"",IF(ISTEXT(List_Frame_1!A53),0,List_Frame_1!A53)) -> 472665 | B39: =IF(ISBLANK(List_Frame_1!G53),"",IF(ISTEXT(List_Frame_1!G53),0,List_Frame_1!G53)) -> 100
A40: =IF(ISBLANK(List_Frame_1!A54),"",IF(ISTEXT(List_Frame_1!A54),0,List_Frame_1!A54)) | B40: =IF(ISBLANK(List_Frame_1!G54),"",IF(ISTEXT(List_Frame_1!G54),0,List_Frame_1!G54)) -> 450
A41: =IF(ISBLANK(List_Frame_1!A55),"",IF(ISTEXT(List_Frame_1!A55),0,List_Frame_1!A55)) | B41: =IF(ISBLANK(List_Frame_1!G55),"",IF(ISTEXT(List_Frame_1!G55),0,List_Frame_1!G55)) -> 1250
A42: =IF(ISBLANK(List_Frame_1!A56),"",IF(ISTEXT(List_Frame_1!A56),0,List_Frame_1!A56)) | B42: =IF(ISBLANK(List_Frame_1!G56),"",IF(ISTEXT(List_Frame_1!G56),0,List_Frame_1!G56)) -> 800
A43: =IF(ISBLANK(List_Frame_1!A57),"",IF(ISTEXT(List_Frame_1!A57),0,List_Frame_1!A57)) -> 472949 | B43: =IF(ISBLANK(List_Frame_1!G57),"",IF(ISTEXT(List_Frame_1!G57),0,List_Frame_1!G57)) -> 498.68
A44: =IF(ISBLANK(List_Frame_1!A58),"",IF(ISTEXT(List_Frame_1!A58),0,List_Frame_1!A58)) | B44: =IF(ISBLANK(List_Frame_1!G58),"",IF(ISTEXT(List_Frame_1!G58),0,List_Frame_1!G58)) -> 498.66
A45: =IF(ISBLANK(List_Frame_1!A59),"",IF(ISTEXT(List_Frame_1!A59),0,List_Frame_1!A59)) | B45: =IF(ISBLANK(List_Frame_1!G59),"",IF(ISTEXT(List_Frame_1!G59),0,List_Frame_1!G59)) -> 498.66
A46: =IF(ISBLANK(List_Frame_1!A63),"",IF(ISTEXT(List_Frame_1!A63),0,List_Frame_1!A63)) -> 471977 | B46: =IF(ISBLANK(List_Frame_1!G63),"",IF(ISTEXT(List_Frame_1!G63),0,List_Frame_1!G63)) -> 2297
A47: =IF(ISBLANK(List_Frame_1!A64),"",IF(ISTEXT(List_Frame_1!A64),0,List_Frame_1!A64)) | B47: =IF(ISBLANK(List_Frame_1!G64),"",IF(ISTEXT(List_Frame_1!G64),0,List_Frame_1!G64)) -> 1423.84
A48: =IF(ISBLANK(List_Frame_1!A65),"",IF(ISTEXT(List_Frame_1!A65),0,List_Frame_1!A65)) | B48: =IF(ISBLANK(List_Frame_1!G65),"",IF(ISTEXT(List_Frame_1!G65),0,List_Frame_1!G65))
A49: =IF(ISBLANK(List_Frame_1!A66),"",IF(ISTEXT(List_Frame_1!A66),0,List_Frame_1!A66)) | B49: =IF(ISBLANK(List_Frame_1!G66),"",IF(ISTEXT(List_Frame_1!G66),0,List_Frame_1!G66)) -> 6.36
A50: =IF(ISBLANK(List_Frame_1!A67),"",IF(ISTEXT(List_Frame_1!A67),0,List_Frame_1!A67)) -> 472725 | B50: =IF(ISBLANK(List_Frame_1!G67),"",IF(ISTEXT(List_Frame_1!G67),0,List_Frame_1!G67)) -> 53.62
A51: =IF(ISBLANK(List_Frame_1!A68),"",IF(ISTEXT(List_Frame_1!A68),0,List_Frame_1!A68)) -> 473057 | B51: =IF(ISBLANK(List_Frame_1!G68),"",IF(ISTEXT(List_Frame_1!G68),0,List_Frame_1!G68)) -> 2297
A52: =IF(ISBLANK(List_Frame_1!A72),"",IF(ISTEXT(List_Frame_1!A72),0,List_Frame_1!A72)) -> 472726 | B52: =IF(ISBLANK(List_Frame_1!G72),"",IF(ISTEXT(List_Frame_1!G72),0,List_Frame_1!G72)) -> 731.5
A53: =IF(ISBLANK(List_Frame_1!A76),"",IF(ISTEXT(List_Frame_1!A76),0,List_Frame_1!A76)) -> 471978 | B53: =IF(ISBLANK(List_Frame_1!G76),"",IF(ISTEXT(List_Frame_1!G76),0,List_Frame_1!G76)) -> 24.65
A54: =IF(ISBLANK(List_Frame_1!A77),"",IF(ISTEXT(List_Frame_1!A77),0,List_Frame_1!A77)) -> 472342 | B54: =IF(ISBLANK(List_Frame_1!G77),"",IF(ISTEXT(List_Frame_1!G77),0,List_Frame_1!G77)) -> 439
A55: =IF(ISBLANK(List_Frame_1!A78),"",IF(ISTEXT(List_Frame_1!A78),0,List_Frame_1!A78)) | B55: =IF(ISBLANK(List_Frame_1!G78),"",IF(ISTEXT(List_Frame_1!G78),0,List_Frame_1!G78))
A56: =IF(ISBLANK(List_Frame_1!A79),"",IF(ISTEXT(List_Frame_1!A79),0,List_Frame_1!A79)) | B56: =IF(ISBLANK(List_Frame_1!G79),"",IF(ISTEXT(List_Frame_1!G79),0,List_Frame_1!G79))
A57: =IF(ISBLANK(List_Frame_1!A80),"",IF(ISTEXT(List_Frame_1!A80),0,List_Frame_1!A80)) | B57: =IF(ISBLANK(List_Frame_1!G80),"",IF(ISTEXT(List_Frame_1!G80),0,List_Frame_1!G80)) -> 13944.18
A58: =IF(ISBLANK(List_Frame_1!A81),"",IF(ISTEXT(List_Frame_1!A81),0,List_Frame_1!A81)) | B58: =IF(ISBLANK(List_Frame_1!G81),"",IF(ISTEXT(List_Frame_1!G81),0,List_Frame_1!G81))
A59: =IF(ISBLANK(List_Frame_1!A82),"",IF(ISTEXT(List_Frame_1!A82),0,List_Frame_1!A82)) | B59: =IF(ISBLANK(List_Frame_1!G82),"",IF(ISTEXT(List_Frame_1!G82),0,List_Frame_1!G82))
A60: =IF(ISBLANK(List_Frame_1!A83),"",IF(ISTEXT(List_Frame_1!A83),0,List_Frame_1!A83)) | B60: =IF(ISBLANK(List_Frame_1!G83),"",IF(ISTEXT(List_Frame_1!G83),0,List_Frame_1!G83))
A61: =IF(ISBLANK(List_Frame_1!A84),"",IF(ISTEXT(List_Frame_1!A84),0,List_Frame_1!A84)) -> 472727 | B61: =IF(ISBLANK(List_Frame_1!G84),"",IF(ISTEXT(List_Frame_1!G84),0,List_Frame_1!G84)) -> 299.77
A62: =IF(ISBLANK(List_Frame_1!A85),"",IF(ISTEXT(List_Frame_1!A85),0,List_Frame_1!A85)) -> 473058 | B62: =IF(ISBLANK(List_Frame_1!G85),"",IF(ISTEXT(List_Frame_1!G85),0,List_Frame_1!G85)) -> 382
A63: =IF(ISBLANK(List_Frame_1!A89),"",IF(ISTEXT(List_Frame_1!A89),0,List_Frame_1!A89)) -> 471979 | B63: =IF(ISBLANK(List_Frame_1!G89),"",IF(ISTEXT(List_Frame_1!G89),0,List_Frame_1!G89)) -> 475.55
A64: =IF(ISBLANK(List_Frame_1!A90),"",IF(ISTEXT(List_Frame_1!A90),0,List_Frame_1!A90)) | B64: =IF(ISBLANK(List_Frame_1!G90),"",IF(ISTEXT(List_Frame_1!G90),0,List_Frame_1!G90))
A65: =IF(ISBLANK(List_Frame_1!A91),"",IF(ISTEXT(List_Frame_1!A91),0,List_Frame_1!A91)) | B65: =IF(ISBLANK(List_Frame_1!G91),"",IF(ISTEXT(List_Frame_1!G91),0,List_Frame_1!G91))
A66: =IF(ISBLANK(List_Frame_1!A92),"",IF(ISTEXT(List_Frame_1!A92),0,List_Frame_1!A92)) | B66: =IF(ISBLANK(List_Frame_1!G92),"",IF(ISTEXT(List_Frame_1!G92),0,List_Frame_1!G92))
A67: =IF(ISBLANK(List_Frame_1!A93),"",IF(ISTEXT(List_Frame_1!A93),0,List_Frame_1!A93)) -> 472343 | B67: =IF(ISBLANK(List_Frame_1!G93),"",IF(ISTEXT(List_Frame_1!G93),0,List_Frame_1!G93)) -> 8.7
A68: =IF(ISBLANK(List_Frame_1!A94),"",IF(ISTEXT(List_Frame_1!A94),0,List_Frame_1!A94)) -> 473059 | B68: =IF(ISBLANK(List_Frame_1!G94),"",IF(ISTEXT(List_Frame_1!G94),0,List_Frame_1!G94)) -> 221.45
A69: =IF(ISBLANK(List_Frame_1!A95),"",IF(ISTEXT(List_Frame_1!A95),0,List_Frame_1!A95)) | B69: =IF(ISBLANK(List_Frame_1!G95),"",IF(ISTEXT(List_Frame_1!G95),0,List_Frame_1!G95))
A70: =IF(ISBLANK(List_Frame_1!A96),"",IF(ISTEXT(List_Frame_1!A96),0,List_Frame_1!A96)) | B70: =IF(ISBLANK(List_Frame_1!G96),"",IF(ISTEXT(List_Frame_1!G96),0,List_Frame_1!G96))
A71: =IF(ISBLANK(List_Frame_1!A97),"",IF(ISTEXT(List_Frame_1!A97),0,List_Frame_1!A97)) | B71: =IF(ISBLANK(List_Frame_1!G97),"",IF(ISTEXT(List_Frame_1!G97),0,List_Frame_1!G97))
A72: =IF(ISBLANK(List_Frame_1!A98),"",IF(ISTEXT(List_Frame_1!A98),0,List_Frame_1!A98)) | B72: =IF(ISBLANK(List_Frame_1!G98),"",IF(ISTEXT(List_Frame_1!G98),0,List_Frame_1!G98))
A73: =IF(ISBLANK(List_Frame_1!A102),"",IF(ISTEXT(List_Frame_1!A102),0,List_Frame_1!A102)) -> 473060 | B73: =IF(ISBLANK(List_Frame_1!G102),"",IF(ISTEXT(List_Frame_1!G102),0,List_Frame_1!G102)) -> 194.79
A74: =IF(ISBLANK(List_Frame_1!A103),"",IF(ISTEXT(List_Frame_1!A103),0,List_Frame_1!A103)) | B74: =IF(ISBLANK(List_Frame_1!G103),"",IF(ISTEXT(List_Frame_1!G103),0,List_Frame_1!G103))
A75: =IF(ISBLANK(List_Frame_1!A107),"",IF(ISTEXT(List_Frame_1!A107),0,List_Frame_1!A107)) -> 471980 | B75: =IF(ISBLANK(List_Frame_1!G107),"",IF(ISTEXT(List_Frame_1!G107),0,List_Frame_1!G107)) -> 800.32
A76: =IF(ISBLANK(List_Frame_1!A108),"",IF(ISTEXT(List_Frame_1!A108),0,List_Frame_1!A108)) | B76: =IF(ISBLANK(List_Frame_1!G108),"",IF(ISTEXT(List_Frame_1!G108),0,List_Frame_1!G108))
A77: =IF(ISBLANK(List_Frame_1!A109),"",IF(ISTEXT(List_Frame_1!A109),0,List_Frame_1!A109)) | B77: =IF(ISBLANK(List_Frame_1!G109),"",IF(ISTEXT(List_Frame_1!G109),0,List_Frame_1!G109))
A78: =IF(ISBLANK(List_Frame_1!A110),"",IF(ISTEXT(List_Frame_1!A110),0,List_Frame_1!A110)) | B78: =IF(ISBLANK(List_Frame_1!G110),"",IF(ISTEXT(List_Frame_1!G110),0,List_Frame_1!G110)) -> 544.97
A79: =IF(ISBLANK(List_Frame_1!A111),"",IF(ISTEXT(List_Frame_1!A111),0,List_Frame_1!A111)) | B79: =IF(ISBLANK(List_Frame_1!G111),"",IF(ISTEXT(List_Frame_1!G111),0,List_Frame_1!G111)) -> 99.78
A80: =IF(ISBLANK(List_Frame_1!A112),"",IF(ISTEXT(List_Frame_1!A112),0,List_Frame_1!A112)) -> 472344 | B80: =IF(ISBLANK(List_Frame_1!G112),"",IF(ISTEXT(List_Frame_1!G112),0,List_Frame_1!G112)) -> 4384.82
A81: =IF(ISBLANK(List_Frame_1!A113),"",IF(ISTEXT(List_Frame_1!A113),0,List_Frame_1!A113)) | B81: =IF(ISBLANK(List_Frame_1!G113),"",IF(ISTEXT(List_Frame_1!G113),0,List_Frame_1!G113))
A82: =IF(ISBLANK(List_Frame_1!A114),"",IF(ISTEXT(List_Frame_1!A114),0,List_Frame_1!A114)) | B82: =IF(ISBLANK(List_Frame_1!G114),"",IF(ISTEXT(List_Frame_1!G114),0,List_Frame_1!G114))
A83: =IF(ISBLANK(List_Frame_1!A115),"",IF(ISTEXT(List_Frame_1!A115),0,List_Frame_1!A115)) | B83: =IF(ISBLANK(List_Frame_1!G115),"",IF(ISTEXT(List_Frame_1!G115),0,List_Frame_1!G115))
A84: =IF(ISBLANK(List_Frame_1!A116),"",IF(ISTEXT(List_Frame_1!A116),0,List_Frame_1!A116)) | B84: =IF(ISBLANK(List_Frame_1!G116),"",IF(ISTEXT(List_Frame_1!G116),0,List_Frame_1!G116))
A85: =IF(ISBLANK(List_Frame_1!A117),"",IF(ISTEXT(List_Frame_1!A117),0,List_Frame_1!A117)) | B85: =IF(ISBLANK(List_Frame_1!G117),"",IF(ISTEXT(List_Frame_1!G117),0,List_Frame_1!G117)) -> 2471.81
A86: =IF(ISBLANK(List_Frame_1!A118),"",IF(ISTEXT(List_Frame_1!A118),0,List_Frame_1!A118)) | B86: =IF(ISBLANK(List_Frame_1!G118),"",IF(ISTEXT(List_Frame_1!G118),0,List_Frame_1!G118))
... A108: =IF(ISBLANK(List_Frame_1!A140),"",IF(ISTEXT(List_Frame_1!A140),0,List_Frame_1!A140)) | B108: =IF(ISBLANK(List_Frame_1!G140),"",IF(ISTEXT(List_Frame_1!G140),0,List_Frame_1!G140))
A109: =IF(ISBLANK(List_Frame_1!A144),"",IF(ISTEXT(List_Frame_1!A144),0,List_Frame_1!A144)) -> 473062 | B109: =IF(ISBLANK(List_Frame_1!G144),"",IF(ISTEXT(List_Frame_1!G144),0,List_Frame_1!G144)) -> 126.44
A110: =IF(ISBLANK(List_Frame_1!A148),"",IF(ISTEXT(List_Frame_1!A148),0,List_Frame_1!A148)) -> 473063 | B110: =IF(ISBLANK(List_Frame_1!G148),"",IF(ISTEXT(List_Frame_1!G148),0,List_Frame_1!G148)) -> 162.74
A111: =IF(ISBLANK(List_Frame_1!A152),"",IF(ISTEXT(List_Frame_1!A152),0,List_Frame_1!A152)) -> 471981 | B111: =IF(ISBLANK(List_Frame_1!G152),"",IF(ISTEXT(List_Frame_1!G152),0,List_Frame_1!G152)) -> 17.42
A112: =IF(ISBLANK(List_Frame_1!A153),"",IF(ISTEXT(List_Frame_1!A153),0,List_Frame_1!A153)) | B112: =IF(ISBLANK(List_Frame_1!G153),"",IF(ISTEXT(List_Frame_1!G153),0,List_Frame_1!G153)) -> 142
A113: =IF(ISBLANK(List_Frame_1!A154),"",IF(ISTEXT(List_Frame_1!A154),0,List_Frame_1!A154)) | B113: =IF(ISBLANK(List_Frame_1!G154),"",IF(ISTEXT(List_Frame_1!G154),0,List_Frame_1!G154))
A114: =IF(ISBLANK(List_Frame_1!A155),"",IF(ISTEXT(List_Frame_1!A155),0,List_Frame_1!A155)) -> 472729 | B114: =IF(ISBLANK(List_Frame_1!G155),"",IF(ISTEXT(List_Frame_1!G155),0,List_Frame_1!G155)) -> 142
A115: =IF(ISBLANK(List_Frame_1!A156),"",IF(ISTEXT(List_Frame_1!A156),0,List_Frame_1!A156)) | B115: =IF(ISBLANK(List_Frame_1!G156),"",IF(ISTEXT(List_Frame_1!G156),0,List_Frame_1!G156))
A116: =IF(ISBLANK(List_Frame_1!A160),"",IF(ISTEXT(List_Frame_1!A160),0,List_Frame_1!A160)) -> 472228 | B116: =IF(ISBLANK(List_Frame_1!G160),"",IF(ISTEXT(List_Frame_1!G160),0,List_Frame_1!G160)) -> 225
A117: =IF(ISBLANK(List_Frame_1!A164),"",IF(ISTEXT(List_Frame_1!A164),0,List_Frame_1!A164)) -> 471982 | B117: =IF(ISBLANK(List_Frame_1!G164),"",IF(ISTEXT(List_Frame_1!G164),0,List_Frame_1!G164)) -> 49
A118: =IF(ISBLANK(List_Frame_1!A168),"",IF(ISTEXT(List_Frame_1!A168),0,List_Frame_1!A168)) -> 472345 | B118: =IF(ISBLANK(List_Frame_1!G168),"",IF(ISTEXT(List_Frame_1!G168),0,List_Frame_1!G168)) -> 117
A119: =IF(ISBLANK(List_Frame_1!A172),"",IF(ISTEXT(List_Frame_1!A172),0,List_Frame_1!A172)) -> 472346 | B119: =IF(ISBLANK(List_Frame_1!G172),"",IF(ISTEXT(List_Frame_1!G172),0,List_Frame_1!G172)) -> 1635.6
A120: =IF(ISBLANK(List_Frame_1!A173),"",IF(ISTEXT(List_Frame_1!A173),0,List_Frame_1!A173)) -> 472730 | B120: =IF(ISBLANK(List_Frame_1!G173),"",IF(ISTEXT(List_Frame_1!G173),0,List_Frame_1!G173)) -> 89
A121: =IF(ISBLANK(List_Frame_1!A177),"",IF(ISTEXT(List_Frame_1!A177),0,List_Frame_1!A177)) -> 471986 | B121: =IF(ISBLANK(List_Frame_1!G177),"",IF(ISTEXT(List_Frame_1!G177),0,List_Frame_1!G177)) -> 42236.43
A122: =IF(ISBLANK(List_Frame_1!A178),"",IF(ISTEXT(List_Frame_1!A178),0,List_Frame_1!A178)) | B122: =IF(ISBLANK(List_Frame_1!G178),"",IF(ISTEXT(List_Frame_1!G178),0,List_Frame_1!G178))
A123: =IF(ISBLANK(List_Frame_1!A179),"",IF(ISTEXT(List_Frame_1!A179),0,List_Frame_1!A179)) | B123: =IF(ISBLANK(List_Frame_1!G179),"",IF(ISTEXT(List_Frame_1!G179),0,List_Frame_1!G179))
A124: =IF(ISBLANK(List_Frame_1!A180),"",IF(ISTEXT(List_Frame_1!A180),0,List_Frame_1!A180)) | B124: =IF(ISBLANK(List_Frame_1!G180),"",IF(ISTEXT(List_Frame_1!G180),0,List_Frame_1!G180))
A125: =IF(ISBLANK(List_Frame_1!A181),"",IF(ISTEXT(List_Frame_1!A181),0,List_Frame_1!A181)) | B125: =IF(ISBLANK(List_Frame_1!G181),"",IF(ISTEXT(List_Frame_1!G181),0,List_Frame_1!G181)) -> -10.63
A126: =IF(ISBLANK(List_Frame_1!A182),"",IF(ISTEXT(List_Frame_1!A182),0,List_Frame_1!A182)) | B126: =IF(ISBLANK(List_Frame_1!G182),"",IF(ISTEXT(List_Frame_1!G182),0,List_Frame_1!G182)) -> 2719.71
A127: =IF(ISBLANK(List_Frame_1!A183),"",IF(ISTEXT(List_Frame_1!A183),0,List_Frame_1!A183)) | B127: =IF(ISBLANK(List_Frame_1!G183),"",IF(ISTEXT(List_Frame_1!G183),0,List_Frame_1!G183))
A128: =IF(ISBLANK(List_Frame_1!A184),"",IF(ISTEXT(List_Frame_1!A184),0,List_Frame_1!A184)) | B128: =IF(ISBLANK(List_Frame_1!G184),"",IF(ISTEXT(List_Frame_1!G184),0,List_Frame_1!G184))
A129: =IF(ISBLANK(List_Frame_1!A185),"",IF(ISTEXT(List_Frame_1!A185),0,List_Frame_1!A185)) | B129: =IF(ISBLANK(List_Frame_1!G185),"",IF(ISTEXT(List_Frame_1!G185),0,List_Frame_1!G185))
A130: =IF(ISBLANK(List_Frame_1!A186),"",IF(ISTEXT(List_Frame_1!A186),0,List_Frame_1!A186)) | B130: =IF(ISBLANK(List_Frame_1!G186),"",IF(ISTEXT(List_Frame_1!G186),0,List_Frame_1!G186))
A131: =IF(ISBLANK(List_Frame_1!A187),"",IF(ISTEXT(List_Frame_1!A187),0,List_Frame_1!A187)) | B131: =IF(ISBLANK(List_Frame_1!G187),"",IF(ISTEXT(List_Frame_1!G187),0,List_Frame_1!G187))
A132: =IF(ISBLANK(List_Frame_1!A188),"",IF(ISTEXT(List_Frame_1!A188),0,List_Frame_1!A188)) | B132: =IF(ISBLANK(List_Frame_1!G188),"",IF(ISTEXT(List_Frame_1!G188),0,List_Frame_1!G188))
... A348: =IF(ISBLANK(List_Frame_1!A404),"",IF(ISTEXT(List_Frame_1!A404),0,List_Frame_1!A404)) | B348: =IF(ISBLANK(List_Frame_1!G404),"",IF(ISTEXT(List_Frame_1!G404),0,List_Frame_1!G404))
A349: =IF(ISBLANK(List_Frame_1!A408),"",IF(ISTEXT(List_Frame_1!A408),0,List_Frame_1!A408)) -> 472229 | B349: =IF(ISBLANK(List_Frame_1!G408),"",IF(ISTEXT(List_Frame_1!G408),0,List_Frame_1!G408)) -> 747
A350: =IF(ISBLANK(List_Frame_1!A412),"",IF(ISTEXT(List_Frame_1!A412),0,List_Frame_1!A412)) -> 473070 | B350: =IF(ISBLANK(List_Frame_1!G412),"",IF(ISTEXT(List_Frame_1!G412),0,List_Frame_1!G412)) -> 7914.13
A351: =IF(ISBLANK(List_Frame_1!A416),"",IF(ISTEXT(List_Frame_1!A416),0,List_Frame_1!A416)) -> 472236 | B351: =IF(ISBLANK(List_Frame_1!G416),"",IF(ISTEXT(List_Frame_1!G416),0,List_Frame_1!G416)) -> 450
A352: =IF(ISBLANK(List_Frame_1!A417),"",IF(ISTEXT(List_Frame_1!A417),0,List_Frame_1!A417)) -> 472950 | B352: =IF(ISBLANK(List_Frame_1!G417),"",IF(ISTEXT(List_Frame_1!G417),0,List_Frame_1!G417)) -> 450
A353: =IF(ISBLANK(List_Frame_1!A421),"",IF(ISTEXT(List_Frame_1!A421),0,List_Frame_1!A421)) -> 473071 | B353: =IF(ISBLANK(List_Frame_1!G421),"",IF(ISTEXT(List_Frame_1!G421),0,List_Frame_1!G421)) -> 535.76
A354: =IF(ISBLANK(List_Frame_1!A425),"",IF(ISTEXT(List_Frame_1!A425),0,List_Frame_1!A425)) -> 471855 | B354: =IF(ISBLANK(List_Frame_1!G425),"",IF(ISTEXT(List_Frame_1!G425),0,List_Frame_1!G425)) -> 60
...
